 Dungeon Crawl Stone Soup version 0.30.1-5-ged363bc7ee (webtiles) character file.

Game seed: 7752225288970137075

126 Kurtz the Chopper (level 5, 0/32 HPs)
             Began as a Tengu Fighter on Sept 19, 2023.
             Was an Initiate of Okawaru.
             Succumbed to a scorpion's poison
             ... on level 3 of the Dungeon.
             The game lasted 00:01:47 (1928 turns).

Kurtz the Chopper (Tengu Fighter)                   Turns: 1928, Time: 00:01:47

Health: 0/32       AC:  6    Str: 18    XL:     5   Next: 10%
Magic:  6/6        EV: 10    Int:  8    God:    Okawaru [......]
Gold:   76         SH:  5    Dex: 14    Spells: 4/4 levels left

rFire   . . .        a - +0 war axe
rCold   . . .        c - +0 buckler
rNeg    . . .        b - +0 scale mail
rPois   .            (helmet restricted)
rElec   .            (no cloak)
rCorr   .            (no gloves)
SInv    .            (boots unavailable)
Will    .....        (no amulet) Stlth
                     (no ring)
HPRegen 0.25/turn    (no ring)
MPRegen 0.10/turn

%: no passive effects
@: lethally poisoned (0 -> -2), on berserk cooldown, attractive, flying quickly
and evasively, slowed, very slow
A: beak, talons 3, nimble flight
a: Renounce Religion


You were on level 3 of the Dungeon.
You worshipped Okawaru.
Okawaru was noncommittal.
You visited 1 branch of the dungeon, and saw 3 of its levels.

You collected 146 gold pieces.
You spent 70 gold pieces at shops.

Inventory:

Hand Weapons
 a - a +0 war axe (weapon)
Armour
 b - a +0 scale mail (worn)
 c - a +0 buckler (worn)
Jewellery
 p - a +4 ring of protection
Scrolls
 e - 2 scrolls of enchant armour {unknown}
 f - a scroll of vulnerability {unknown}
 g - 5 scrolls of identify
 i - a scroll of amnesia {unknown}
 n - a scroll of enchant weapon {unknown}
 o - 2 scrolls of teleportation
 r - 2 scrolls of fog {unknown}
Potions
 d - 3 potions of might
 h - a potion of flight
 l - a potion of cancellation {unknown}
 m - a potion of lignification {unknown}
 q - a potion of haste {unknown}
 s - a potion of curing {unknown}
 t - a potion of invisibility {unknown}


   Skills:
 * Level 3.3 Fighting
 * Level 5.3 Axes
 - Level 3.2 Armour
 - Level 3.0 Shields


You had 4 spell levels left.
You didn't know any spells.
Your spell library contained the following spells:

 Spells                   Type           Power      Damage    Failure   Level
 Freeze                   Ice            0%         1d3       86%         1
 Slow                     Hex            0%         N/A       86%         1
 Confusing Touch          Hex            0%         N/A       99%         3
 Frozen Ramparts          Ice            0%         1d1       99%         3
 Hailstorm                Conj/Ice       0%         3d3       99%         3
 Inner Flame              Hex/Fire       0%         N/A       99%         3
 Vampiric Draining        Necr           0%         2d6       99%         3
 Yara's Violent Unravell  Hex/Tmut       0%         3d3       100%        5
 Enfeeble                 Hex            0%         N/A       100%        7


Dungeon Overview and Level Annotations

Branches:
Dungeon (3/15)

Altars:
Cheibriados
Okawaru

Shops:
D:2 ?


Innate Abilities, Weirdness & Mutations

You have a beak for a mouth.
You have claws for feet.
Your magical nature lets you fly swiftly and evasively.


Message History

The scorpion closely misses you. The scorpion barely misses you.
It was a potion of flight.
You feel very buoyant.
You fly up into the air.
* * * LOW HITPOINT WARNING * * *
You feel sick.
The scorpion stings you but does no damage.
It was a potion of berserk rage.
A red film seems to cover your vision as you go berserk!
You feel yourself moving faster!
You feel mighty!
* * * LOW HITPOINT WARNING * * *
You feel sick. The scorpion closely misses you.
You barely miss the scorpion. You claw the scorpion.
The scorpion is severely wounded.
You feel sick. The scorpion stings you.
* * * LOW HITPOINT WARNING * * *
You slash the scorpion!
You kill the scorpion!
Okawaru accepts your kill.
* * * LOW HITPOINT WARNING * * *
You feel sick.
Your Axes skill increases to level 5!
You have reached level 5!
Your magical nature develops, letting you fly swiftly and evasively.
You are too berserk!
* * * LOW HITPOINT WARNING * * *
You feel sick.
You feel a strong urge to attack something.
* * * LOW HITPOINT WARNING * * *
You feel sick.
You feel your anger nearly subside.
* * * LOW HITPOINT WARNING * * *
You feel sick.
There is a stone staircase leading up here.
You are no longer berserk.
You are exhausted.
You feel yourself slow down.
It was a potion of attraction.
You feel attractive to monsters.
You die...

###.### ### .......
#.. ##.##. #.# #.##.
#.# #.##. ###=###
#.##. #.....# #....
#.....## ####.
#.<@.).##########...
#...................
#.............#.#..)
###.#..########.###.
#.#..########.###.
#(#..##...........
##.#..##.#####.####
##.....##.# #.#
###......##.## #.#


There were no monsters in sight!

Vanquished Creatures
  A scorpion (D:3)
  3 worms
  3 orcs (D:3)
  4 ball pythons
  4 endoplasms
  2 giant cockroaches (D:2)
  7 goblins
  6 hobgoblins
  A jackal (D:2)
  2 quokkas (D:1)
  5 bats
  2 frilled lizards
  8 kobolds
  6 rats
54 creatures vanquished.

Notes
Turn   | Place    | Note
-------+----------+-------------------------------------------
     0 | D:1      | Kurtz the Tengu Fighter began the quest for the Orb.
     0 | D:1      | Reached XP level 1. HP: 14/14 MP: 2/2
   274 | D:1      | Reached skill level 3 in Axes
   274 | D:1      | Reached XP level 2. HP: 15/19 MP: 3/3
   829 | D:2      | Reached XP level 3. HP: 23/23 MP: 4/4
   946 | D:2      | Reached skill level 4 in Axes
  1219 | D:2      | Found The Oracle's Delphic Readings.
  1241 | D:2      | Bought a scroll of teleportation for 42 gold pieces
  1241 | D:2      | Bought a scroll of identify for 28 gold pieces
  1603 | D:3      | Reached XP level 4. HP: 28/28 MP: 5/5
  1734 | D:3      | Found an iron altar of Okawaru.
  1735 | D:3      | Found a snail-covered altar of Cheibriados.
  1741 | D:3      | Became a worshipper of Warmaster Okawaru
  1911 | D:3      | Noticed a scorpion
  1922 | D:3      | Killed a scorpion
  1923 | D:3      | Reached skill level 5 in Axes
  1923 | D:3      | Gained mutation: Your magical nature lets you fly swiftly
                  | and evasively. [Tengu growth]
  1923 | D:3      | Reached XP level 5. HP: 5/32 MP: 6/6
  1928 | D:3      | Succumbed to a scorpion's poison

Illustrated notes

Levels and vault maps discovered:
D:1:      scummos_arrival_simple_fountains, layout_loops_corners
D:2:      minmay_chambers_of_twos, layout_rooms, nicolae_nh_oracle_at_delphi
D:3:      layout_loops_ring, nicolae_overflow_squiral

Skill      XL: |  1  2  3  4 |
---------------+-------------+-----
Axes           | 3 4 5 |  5.3
Fighting       | |  3.3
Armour         | |  3.2
Shields        | |  3.0

Action                     |  1- 3 |  4- 6 || total
---------------------------+-------+-------++-------
  Melee: War axe           |    91 |    25 ||   116
         Peck              |     9 |     7 ||    16
         Kick              |    17 |     7 ||    24
    Use: Potion            |       |     3 ||     3
 Armour: Scale mail        |    41 |     2 ||    43
  Dodge: Dodged            |    32 |    14 ||    46
  Block: Buckler           |    21 |     2 ||    23
